cohdb
Replays
Latest Replays
All Replays
Popular Replays
Top Player Replays
Match Explorer
How It Works
Community
CoH3 Stats
Reddit
Sign in to upload your games and track your stats! →
Sign in with Steam
Match 47159534
Unlisted
Match 47159534
Overview
Messages
Build Orders
End
Panzerpioneer Squad
Panzerpioneer Squad
Selects Panzerjäger Kommand Battlegroup
Selects Blockade Equipment
Panzerpioneer Squad
Panzerpioneer Squad
Construct Light Support Kompanie
2.5-tonne Medical Truck
Panzerpioneer Squad
Panzerjäger Mechanized Group
Selects Tank Busters
Forward Retreat Point
Construct Mechanized Kompanie
Construct Panzerarmee Kommand
Selects Defensive Positions
Panzerpioneer Squad
Walking Stuka Rocket Launcher
Panzerjäger Mechanized Group
Selects Crew Shock Tactics
254 Reconnaissance Tractor
Panzerjäger Mechanized Group
Emergency Repair Kits
Vehicle Survival Package
Walking Stuka Rocket Launcher
IIIIIIIIIIIIIIII
Marduk
-=Thrawn=-
Kannamix
Kamooos
Chris
코카콜라제로
gimoshau
0
0
Comments
sign in to comment!
No comments posted yet!